 Dungeon Crawl Stone Soup version 0.31-a0-455-g1a7b003ef0 (webtiles) character file.

Game seed: 11159001121455165177

516 floatRand the Grappler (level 7, 0/52 HPs)
             Began as a Meteoran Shapeshifter on Aug 3, 2023.
             Was an Initiate of Wu Jian.
             Succumbed to a kobold brigand's poison
             ... in a sewer.
             The game lasted 00:03:26 (979 turns).

floatRand the Grappler (Meteoran Shapeshifter)       Turns: 979, Time: 00:03:27

Health: 0/52       AC:  4    Str: 15 (18) XL:     7   Next: 73%
Magic:  8/8        EV: 12    Int:  6 (9)  God:    Wu Jian [......]
Gold:   82         SH:  0    Dex: 13 (16) Spells: 6/6 levels left

rFire   . .          .
                       - Unarmed
rCold   . . .        (no shield)
rNeg    . . .        p - +1 leather armour "Sobidduo" {Rampage rCorr}
rPois   .            (helmet currently unavailable)
rElec   .            (cloak currently unavailable)
rCorr   +            (gloves currently unavailable)
SInv    .            (boots currently unavailable)
Will    .....        (no amulet)
Stlth   +            (no ring)
HPRegen 0.28/turn    (no ring)
MPRegen 0.11/turn

%: rampage
@: lethally poisoned (0 -> -3), beast-form, hasted, glowing, slow
A: beast (slay +3), sense surroundings 1, otherworldly, glowing, explore regen
a: Begin Untransformation, Renounce Religion


You were in a sewer.
You worshipped Wu Jian.
Wu Jian was noncommittal.
You were a hulking beast.
You visited 2 branches of the dungeon, and saw 6 of its levels.
You also visited: Sewer.

You collected 114 gold pieces.
You spent 32 gold pieces at shops.

Inventory:

Missiles
 e - 3 darts of dispersal
Armour
 a - a +0 animal skin
 p - the +1 leather armour "Sobidduo" (worn) {Rampage rCorr}
   (You found it on level 5 of the Dungeon)

   rCorr:     It protects you from acid and corrosion.
   Rampage:   It bestows one free step when moving towards enemies.
Talismans
 c - a beast talisman (active)
Wands
 b - a wand of iceblast (8)
 k - a wand of polymorph (5)
Scrolls
 d - a scroll of teleportation {unknown}
 g - a scroll of fear {unknown}
 i - a scroll of identify {unknown}
 j - a scroll of blinking {unknown}
 m - 2 scrolls of fog {unknown}
 n - a scroll of poison {unknown}
Potions
 f - a potion of haste
 l - 2 potions of curing {unknown}
 o - a potion of mutation {unknown}


   Skills:
 - Level 1.1 Fighting
 - Level 2.4 Dodging
 * Level 8.1 Unarmed Combat
 + Level 5.6 Shapeshifting


You had 6 spell levels left.
You didn't know any spells.
Your spell library contained the following spells:

 Spells                   Type           Power      Damage    Failure   Level
 Slow                     Hex            0%         N/A       52%         1
 Static Discharge         Conj/Air       0%         2-2/arc   67%         2
 Sublimation of Blood     Necr           0%         N/A       67%         2
 Wereblood                Tmut           0%         N/A       67%         2
 Confusing Touch          Hex            0%         N/A       88%         3
 Vampiric Draining        Necr           0%         2d6       88%         3
 Airstrike                Air            0%         2d(0-16)  99%         4
 Summon Lightning Spire   Summ/Air       0%         N/A       99%         4
 Summon Hydra             Summ           0%         N/A       100%        7


Dungeon Overview and Level Annotations

Branches:
Dungeon (5/15) Zot: 2165   Temple (1/1) D:4 Zot: 545   Sewer (1/1) Zot: 504

Altars:
Cheibriados
Elyvilon
Fedhas
Gozag
Hepliaklqana
Makhleb
Nemelex Xobeh
Okawaru
Ru
Sif Muna
Trog
Uskayaw
Vehumet
Wu Jian
Xom
Yredelemnul
Zin

Shops:
D:3 *

Annotations:
D:5 1 transporter


Innate Abilities, Weirdness & Mutations

You are a hulking beast.
Your limbs bulge with bestial killing power. (Slay +3)
You passively map a small area around you.
You are easily found by Zot.
You glow in the dark.
You regain HP and MP as you explore.


Message History

You are more poisoned.
You feel very sick.
You feel very sick.
You feel sick.
The kobold brigand throws a poisoned dart.
The poisoned dart hits you!
You are more poisoned.
The kobold brigand throws a poisoned dart.
The poisoned dart barely misses you.
You feel very sick.
The kobold brigand throws a poisoned dart.
The poisoned dart misses you.
The kobold brigand throws a poisoned dart.
The poisoned dart barely misses you.
You rampage towards the kobold brigand!
You feel very sick.
Unknown command.
You rampage towards the kobold brigand!
You feel sick.
The kobold brigand hits you with a +0 short sword.
* * * LOW HITPOINT WARNING * * *
Unknown command.
It was a potion of haste.
You feel yourself speed up.
You feel sick.
The kobold brigand splashes around in the water.
Unknown command.
You hit the kobold brigand.
The kobold brigand is lightly wounded.
The kobold brigand hits you with a +0 short sword.
* * * LOW HITPOINT WARNING * * *
You barely miss the kobold brigand.
The kobold brigand is lightly wounded.
You feel sick.
You punch the kobold brigand!
The kobold brigand is almost dead.
The kobold brigand hits you with a +0 short sword.
* * * LOW HITPOINT WARNING * * *
Unknown command.
It was a potion of degeneration.
There was something very wrong with that liquid.
You feel weakened.
You feel dopey.
You feel clumsy.
You die...

#...~~..# #..~~K.~#
#~~≈≈≈K~# #.~≈≈≈~.#
#~~≈≈≈~K# #.~~≈~)~#
#.~~≈~..#
#~~K≈~..###################
#.~h≈~~KKKh~~~~~~~~~~~~~~~~
#..~≈~~.###################
##~~≈~.## #.~≈~.# ###.~≈≈~#
#∩..~≈~.# ###.~≈~.# #.~≈~.#
##~≈~##


You could see 2 kobold brigands, a jackal and 2 kobolds.

Vanquished Creatures
  A black bear (D:5)
  An ogre (D:4)
  2 scorpions
  2 hounds (D:5)
  An orc priest (D:5)
  An orc wizard (D:5)
  An iguana (D:5)
  2 adders
  3 river rats
  An ufetubus (D:5)
  A dart slug (D:1)
  8 orcs
  An endoplasm (D:4)
  2 giant cockroaches
  A hobgoblin (D:1)
  A quokka (D:5)
  3 bats
  2 frilled lizards (D:3)
  4 kobolds
  3 rats
41 creatures vanquished.

Notes
Turn   | Place    | Note
-------+----------+-------------------------------------------
     0 | D:1      | floatRand the Meteoran Shapeshifter began the quest for the
                  | Orb.
     0 | D:1      | Reached XP level 1. HP: 16/16 MP: 2/2
    63 | D:1      | Reached XP level 2. HP: 8/23 MP: 3/3
    85 | D:1      | Reached skill level 4 in Unarmed Combat
   141 | D:2      | Reached XP level 3. HP: 26/28 MP: 4/4
   218 | D:3      | Found Wisoes's Assorted Antiques.
   233 | D:3      | Bought a scroll labelled COKYUH ZUENA for 17 gold pieces
   233 | D:3      | Bought a bubbling yellow potion for 15 gold pieces
   259 | D:4      | Noticed an ogre
   267 | D:4      | Killed an ogre
   268 | D:4      | Reached skill level 5 in Unarmed Combat
   268 | D:4      | Reached XP level 4. HP: 35/35 MP: 5/5
   268 | D:4      | Reached XP level 5. HP: 40/40 MP: 6/6
   400 | D:4      | Reached skill level 6 in Unarmed Combat
   400 | D:4      | Reached XP level 6. HP: 23/47 MP: 7/7
   497 | D:4      | Found a staircase to the Ecumenical Temple.
   506 | Temple   | Entered the Ecumenical Temple
   527 | D:5      | Entered Level 5 of the Dungeon
   551 | D:5      | Reached skill level 5 in Shapeshifting
   622 | Temple   | Became a worshipper of the Wu Jian Council
   738 | D:5      | Reached skill level 7 in Unarmed Combat
   754 | D:5      | Noticed a black bear
   761 | D:5      | Killed a black bear
   762 | D:5      | Reached XP level 7. HP: 41/52 MP: 8/8
   769 | D:5      | Identified the +1 leather armour "Sobidduo" {Rampage rCorr}
   815 | D:5      | Found a transporter.
   851 | D:5      | Reached skill level 8 in Unarmed Combat
   883 | D:5      | Found a glowing drain.
   899 | Sewer    | Entered a sewer
   978 | Sewer    | HP: 1/52 [kobold brigand/+0 short sword (6)]
   979 | Sewer    | Succumbed to a kobold brigand's poison

Illustrated notes

Levels and vault maps discovered:
D:1:      pf_arrival_petrified_forest, layout_basic,
          chequers_serial_rivers_room_a
D:2:      layout_basic, nicolae_the_louvre
D:3:      kennysheep_goblin_castle, layout_rooms, serial_shops,
          nicolae_shop_peninsula, uniq_sigmund, uniq_jessica
D:4:      layout_basic, lemuel_zombie_altar_kikubaaqudgha,
          minmay_temple_entry_junction, kennysheep_generic_room_4
D:5:      layout_rooms, gammafunk_ghost_gnarly_gnolls, portal_sewer_entry_a,
          nicolae_underground_beach, uniq_crazy_yiuf_cottage
Temple:   bh_familiar_temple
Sewer:    sewer_kobolds

Skill      XL: |  1  2  3  4  5  6  7 |
---------------+----------------------+-----
Unarmed Combat | 4 5 6 7 8 |  8.1
Shapeshifting  | 4 5 |  5.6
Fighting       | |  1.1
Dodging        | |  2.4

Action                     |  1- 3 |  4- 6 |  7- 9 || total
---------------------------+-------+-------+-------++-------
  Melee: Unarmed           |    36 |    41 |    45 ||   122
         Punch             |     1 |     2 |     3 ||     6
Ability: Lunge             |       |     1 |       ||     1
    Use: Potion            |     1 |       |     2 ||     3
 Armour: Animal skin       |    13 |     5 |       ||    18
         Skin              |     2 |       |       ||     2
         Leather armour    |       |       |     8 ||     8
  Dodge: Dodged            |    25 |    20 |    21 ||    66

Table legend: (Time is in decaauts)
 A = Elapsed time spent in this place.
 B = Non-inter-level travel time spent in this place.
 C = Inter-level travel time spent in this place.
 D = Time resting spent in this place.
 E = Time spent auto-exploring this place.
 F = Levels seen in this place.
 G = Mean time per level.
                   A        B        C        D        E       F      G
               +--------+--------+--------+--------+--------+-----+--------+
         Total |    984 |    984 |      0 |    113 |      4 |   7 |  140.6 |
       Dungeon |    834 |    834 |      0 |    113 |      4 |   5 |  166.8 |
        Temple |     54 |     54 |      0 |      0 |      0 |   1 |   54.0 |
         Sewer |     95 |     95 |      0 |      0 |      0 |   1 |   95.0 |
               +--------+--------+--------+--------+--------+-----+--------+

Top non-repeatable levels by time:
     D:4: 304 daAuts
     D:5: 293 daAuts
     D:1: 119 daAuts
   Sewer: 95 daAuts
     D:3: 88 daAuts
  Temple: 54 daAuts
     D:2: 29 daAuts
